 Dungeon Crawl Stone Soup version 0.28.0-47-ge53b351184 (webtiles) character file.

Game seed: 11608021431351887470

82423 boopmooplesden the Tortoise (level 15, 0/220 HPs)
             Began as a Minotaur Berserker on May 4, 2022.
             Was a High Priest of Trog.
             Slain by a warg (1 damage)
             ... on level 1 of the Orcish Mines on May 5, 2022.
             The game lasted 00:32:06 (28034 turns).

boopmooplesden the Tortoise (Minotaur Berserker)   Turns: 28034, Time: 00:32:07

Health: 0/220      AC: 27    Str: 30    XL:     15   Next: 29%
Magic:  14/14      EV:  8    Int:  6    God:    Trog [*****.]
Gold:   970        SH: 15    Dex: 11    Spells: 14/14 levels left

rFire   + . .      SeeInvis .   U - +5 demon trident (freeze)
rCold   . . .      Faith    .   Y - +0 tower shield
rNeg    . . .      Spirit   .   w - +3 plate armour
rPois   .          Reflect  .   (helmet restricted)
rElec   .          Harm     .   W - +2 cloak
rCorr   .          Rampage  .   v - +0 pair of gloves
Will    +....                   o - +2 pair of boots
Stlth   ..........              (no amulet)
HPRegen 0.46/turn               m - ring of protection from fire
MPRegen 0.14/turn               J - ring "Piwatt" {Fly Str+4}

@: berserking, corroded, flying, studying 2 skills, very quick
A: horns 2, retaliatory headbutt
a: Renounce Religion, Berserk, Trog's Hand, Brothers in Arms


You were on level 1 of the Orcish Mines.
You worshipped Trog.
Trog was extremely pleased with you.
You visited 3 branches of the dungeon, and saw 22 of its levels.

You collected 2010 gold pieces.
You spent 1040 gold pieces at shops.

Inventory:

Hand Weapons
 a - a +0 vorpal spear
 h - a +0 spear of venom
 z - a +2 spear of freezing
 C - a +2 trident
 G - a +2 vorpal broad axe
 U - a +5 demon trident of freezing (weapon)
Missiles
 L - a silver boomerang (quivered)
 T - 4 throwing nets
 V - 5 silver javelins
Armour
 o - a +2 pair of boots (worn)
 v - a +0 pair of gloves (worn)
 w - a +3 plate armour (worn)
 W - a +2 cloak (worn)
 Y - a +0 tower shield (worn)
Jewellery
 b - a +4 ring of protection
 k - a ring of positive energy
 m - a ring of protection from fire (left hand)
 s - a +4 ring of protection
 D - a ring of ice
 F - a ring of willpower
 J - the ring "Piwatt" (right hand) {Fly Str+4}
   (You found it on level 8 of the Dungeon)

   [ring of flight]

   Str:       It affects your strength (+4).
   Fly:       It grants you flight.
 P - a ring of ice
 R - a ring of willpower
 Z - a +6 ring of intelligence
Wands
 c - a wand of digging (6)
 i - a wand of paralysis (15)
 r - a wand of charming (18)
 u - a wand of flame (27)
 A - a wand of iceblast (7)
 H - a wand of acid (15)
 I - a wand of mindburst (15)
 K - a wand of polymorph (17)
Scrolls
 j - a scroll of blinking
 y - 5 scrolls of teleportation
 B - 4 scrolls of summoning
 M - a scroll of silence
 N - 7 scrolls of identify
 O - 5 scrolls of fog
Potions
 d - 5 potions of flight
 e - a potion of magic
 f - a potion of berserk rage
 g - 9 potions of curing
 l - 3 potions of invisibility
 n - 5 potions of brilliance
 q - 2 potions of cancellation
 t - 3 potions of ambrosia
 x - 4 potions of attraction
 E - 2 potions of degeneration
 Q - a potion of resistance
 S - a potion of might
 X - a potion of mutation
Miscellaneous
 p - a tin of tremorstones (1/2)


   Skills:
 + Level 17.3 Fighting
 * Level 17.5 Polearms
 + Level 19.0 Armour
 + Level 6.4 Dodging
 + Level 2.8 Stealth
 * Level 9.8 Shields
 + Level 1.3 Evocations


You had 14 spell levels left.
You didn't know any spells.
Your spell library was empty.

Dungeon Overview and Level Annotations

Branches:
Dungeon (15/15)            Temple (0/1) D:5            Lair (6/6) D:8
  Swamp (0/4) Lair:2        Snake (0/4) Lair:3        Slime (0/5) Lair:6
    Orc (1/2) D:10         Vaults (0/5) D:13
 Depths: D:15

Altars:
Okawaru
Qazlal
The Shining One

Shops:
D:10 :

Portals:
Trove: D:13 (give +4 ice dragon scales)


Innate Abilities, Weirdness & Mutations

You have a pair of horns on your head.
You reflexively headbutt those who attack you in melee.


Message History

The orc warrior hits you but does no damage.
You block the orc's attack.
The orc warrior hits you from afar with a +0 trident.
* * * LOW HITPOINT WARNING * * *
The orc closely misses you. You furiously retaliate!
You headbutt the orc!
You kill the orc!
Trog accepts your kill.
The orc wizard hits you but does no damage.
You impale something!! You freeze something! You block the warg's attack.
Something hits you but does no damage. You block the orc warrior's attack.
The orc hits you but does no damage.
You miss something.
The orc warrior hits you from afar with a +0 trident!
* * * LOW HITPOINT WARNING * * *
You block the warg's attack.
The orc wizard points at you and mumbles some strange words.
The puff of flame hits you. You resist.
* * * LOW HITPOINT WARNING * * *
Something hits you!
* * * LOW HITPOINT WARNING * * *
Something steals 3 of your 4 potions of resistance!
You closely miss something. You headbutt something.
You block the orc warrior's attack. You block the orc's attack.
You block the orc warrior's attack. The warg bites you but does no damage.
You miss something. The orc wizard completely misses you.
You furiously retaliate!
You headbutt the orc wizard. You block something's attack.
The orc warrior hits you but does no damage.
You barely miss something. You headbutt something! The warg bites you!
* * * LOW HITPOINT WARNING * * *
You block the orc's attack. The orc warrior barely misses you.
You block the orc wizard's attack.
You impale something!! You freeze something. Trog accepts your kill.
Trog grants you a weapon! Something appears at your feet!
You see here a +1 vorpal quarterstaff.
Trog appreciates your killing of a magic user.
Reactivating autopickup.
You feel a bit more experienced. The warg bites you.
You die...

.....$........##.#..
..................#.
....................
.....$.........$....
.....#.....><.......
....#...))))...#....
##.#.o.o...).#......
..$...†))........#.#
##...)o@).........#
#.....ho..........#
##...$..............
##.##..............
## #............#
..........
..........
#..........


You could see a warg, 2 orc warriors, an orc wizard and an orc.

Vanquished Creatures
  Rupert (Lair:5)
  A very ugly thing (D:15)
  A fire dragon (Lair:6)
  Josephine (Lair:4)
  A rakshasa (D:13)
  12 hydras
  Harold (D:10)
  Fannar (Lair:3)
  3 boulder beetles
  6 centaur warriors
  An alligator (Lair:4)
  An anaconda (Lair:6)
  A death knight (D:13)
  4 two-headed ogres
  A tengu warrior (D:15)
  The ghost of Malificent the Basher, a novice OgHu of Okawaru (D:8)
  Urug (Lair:2)
  4 skeletal warriors (D:15)
  An iron troll (D:13)
  A glowing orange brain (D:15)
  A phantasmal warrior (D:13)
  3 bog bodies (Lair:2)
  A lindwurm (Lair:6)
  Pikel (D:4)
  2 deep elf pyromancers
  12 ugly things
  3 oklob plants (Lair:6)
  3 cyclopes
  A manticore (D:12)
  6 slime creatures
  Maurice (Orc:1)
  8 elephants
  10 cane toads
  10 black mambas
  3 gargoyles
  2 torpor snails (Lair:5)
  2 molten gargoyles (Lair:6)
  3 rime drakes
  13 komodo dragons
  2 freezing wraiths
  A yaktaur (shapeshifter) (D:12)
  3 trolls
  A wolf spider simulacrum (D:15)
  7 polar bears
  A hornet (shapeshifter) (D:13)
  3 hornets
  A blink frog (Lair:4)
  A culicivora (shapeshifter) (D:15)
  A shadow (D:9)
  6 wraiths
  A yak (shapeshifter) (D:13)
  3 vampires
  67 yaks
  2 wyverns
  Eustachio (D:4)
  10 basilisks
  4 steam dragons
  A vampire mosquito (D:13)
  3 acid dragons
  3 nagas (Lair:3)
  A warg (Orc:1)
  7 water moccasins
  A swamp worm (Lair:2)
  4 hell hounds (Lair:6)
  Pargi (D:4)
  3 black bears
  3 necrophages
  8 orc warriors
  A sky beast (shapeshifter) (D:13)
  2 sky beasts
  3 ogres
  14 wolves
  6 centaurs
  2 lemures (D:4)
  2 phantoms
  A kobold brigand (D:8)
  14 bullfrogs
  A gnoll sergeant (D:8)
  2 scorpions
  A wyvern zombie (D:9)
  8 wights
  6 howler monkeys
  9 electric eels
  2 jellies
  5 lava snakes (Lair:6)
  4 centaur zombies
  6 hounds
  7 orc priests
  A centaur skeleton (D:7)
  A bullfrog skeleton (D:4)
  Ijyb (D:4)
  2 iguanas
  16 orc wizards
  A killer bee zombie (D:5)
  A killer bee simulacrum (D:8)
  7 gnolls
  A howler monkey skeleton (D:5)
  7 adders
  A white imp (D:7)
  4 ufetubi
  An adder skeleton (D:5)
  A worm (D:2)
  3 dart slugs
  61 orcs
  3 bats
  5 endoplasms
  A giant cockroach (D:1)
  6 goblins
  12 hobgoblins
  3 jackals (D:3)
  6 quokkas
  6 ball pythons
  2 frilled lizards
  13 kobolds
  6 rats
547 creatures vanquished.

Vanquished Creatures (others)
  2 gnolls (D:8)
  23 fungi
  26 plants
  3 toadstools (D:8)
54 creatures vanquished.

Grand Total: 601 creatures vanquished

Notes
Turn   | Place    | Note
-------+----------+-------------------------------------------
     0 | D:1      | boopmooplesden the Minotaur Berserker began the quest for
                  | the Orb.
     0 | D:1      | Reached XP level 1. HP: 19/19 MP: 0/0
   468 | D:1      | Reached XP level 2. HP: 27/27 MP: 1/1
   840 | D:2      | Reached skill level 3 in Armour
   863 | D:2      | Reached XP level 3. HP: 33/33 MP: 2/2
   865 | D:2      | Found a faded altar of an unknown god.
  1092 | D:2      | Found a stormy altar of Qazlal.
  1231 | D:2      | Reached ** piety under Trog
  1758 | D:3      | Reached XP level 4. HP: 40/40 MP: 3/3
  2221 | D:3      | Reached skill level 5 in Polearms
  2318 | D:3      | Reached XP level 5. HP: 43/47 MP: 4/4
  2556 | D:4      | Noticed Eustachio
  2564 | D:4      | Killed Eustachio
  2565 | D:4      | Reached skill level 4 in Armour
  2565 | D:4      | Reached XP level 6. HP: 55/55 MP: 5/5
  2567 | D:4      | Reached skill level 5 in Fighting
  2591 | D:4      | Reached skill level 5 in Armour
  2692 | D:4      | Noticed Pargi
  2702 | D:4      | Killed Pargi
  2702 | D:4      | Reached *** piety under Trog
  2754 | D:4      | Reached XP level 7. HP: 55/61 MP: 6/6
  2829 | D:4      | Noticed Pikel
  2869 | D:4      | Killed Pikel
  2870 | D:4      | Reached skill level 6 in Armour
  2951 | D:4      | Reached XP level 8. HP: 56/70 MP: 7/7
  2995 | D:4      | Reached skill level 7 in Armour
  3267 | D:4      | Noticed Ijyb
  3292 | D:4      | Killed Ijyb
  3582 | D:4      | Found a glowing golden altar of the Shining One.
  3708 | D:5      | Entered Level 5 of the Dungeon
  4019 | D:5      | Reached skill level 8 in Armour
  4262 | D:5      | Found a staircase to the Ecumenical Temple.
  4523 | D:6      | Reached **** piety under Trog
  4524 | D:6      | Reached XP level 9. HP: 73/79 MP: 8/8
  4985 | D:6      | Noticed a two-headed ogre
  4992 | D:6      | Killed a two-headed ogre
  4993 | D:6      | Reached skill level 10 in Polearms
  4993 | D:6      | Reached skill level 9 in Armour
  4993 | D:6      | Reached skill level 5 in Dodging
  5271 | D:7      | Reached skill level 1 in Stealth
  5615 | D:7      | You fall into a shaft and drop 2 floors!
  5793 | D:9      | Reached skill level 10 in Armour
  5818 | D:9      | Reached XP level 10. HP: 49/86 MP: 9/9
  6954 | D:9      | Reached skill level 11 in Armour
  7308 | D:8      | Reached skill level 12 in Armour
  7429 | D:8      | Reached ***** piety under Trog
  7860 | D:8      | Found a staircase to the Lair.
  7870 | D:8      | Reached XP level 11. HP: 76/98 MP: 10/10
  7963 | D:8      | Found a runed translucent door.
  7964 | D:8      | Noticed Malificent's ghost (novice OgHu)
  8391 | D:8      | Killed Malificent's ghost
  8392 | D:8      | Reached skill level 10 in Fighting
  8429 | D:8      | Identified the ring "Piwatt" {Fly Str+4}
  9076 | D:10     | Entered Level 10 of the Dungeon
  9083 | D:10     | Noticed a centaur warrior
  9100 | D:10     | Killed a centaur warrior
  9109 | D:10     | Reached skill level 13 in Armour
  9128 | D:10     | Noticed Harold
  9143 | D:10     | Killed Harold
  9179 | D:10     | Received a gift from Trog
  9553 | D:10     | Found a staircase to the Orcish Mines.
  9607 | D:10     | Found Giunajam's Self-Improvement Boutique.
 10564 | D:11     | Reached skill level 14 in Armour
 10708 | D:11     | Noticed a four-headed hydra
 10716 | D:11     | Killed a four-headed hydra
 11271 | D:12     | Reached XP level 12. HP: 112/112 MP: 11/11
 11634 | D:12     | Reached skill level 1 in Evocations
 12728 | D:12     | Reached skill level 15 in Armour
 13219 | Lair:1   | Entered Level 1 of the Lair of Beasts
 15003 | Lair:2   | Noticed a six-headed hydra
 15013 | Lair:2   | Killed a six-headed hydra
 15227 | Lair:2   | Reached skill level 16 in Armour
 15543 | Lair:2   | Noticed Urug
 15546 | Lair:2   | Found a staircase to the Swamp.
 16475 | Lair:2   | Killed Urug
 16713 | Lair:3   | Noticed an eight-headed hydra
 16720 | Lair:3   | Killed an eight-headed hydra
 16731 | Lair:3   | Reached XP level 13. HP: 123/123 MP: 12/12
 16853 | Lair:3   | Noticed Fannar
 16869 | Lair:3   | Killed Fannar
 16896 | Lair:3   | Reached skill level 17 in Armour
 17636 | Lair:3   | Found a staircase to the Snake Pit.
 18377 | Lair:4   | Reached skill level 15 in Polearms
 18386 | Lair:4   | Noticed Josephine
 18405 | Lair:4   | Killed Josephine
 19098 | Lair:4   | Reached skill level 18 in Armour
 19399 | Lair:5   | Reached skill level 15 in Fighting
 19609 | Lair:5   | Noticed Rupert
 19616 | Lair:5   | Paralysed by Rupert for 4 turns
 19628 | Lair:5   | Killed Rupert
 20295 | Lair:5   | Reached XP level 14. HP: 131/135 MP: 13/13
 20853 | Lair:6   | Entered Level 6 of the Lair of Beasts
 20905 | Lair:6   | Reached skill level 1 in Shields
 21468 | Lair:6   | Received a gift from Trog
 21611 | Lair:6   | HP: 3/135 [lindwurm/blast of flame (34)]
 22021 | Lair:6   | Found a staircase to the Slime Pits.
 22121 | Lair:6   | Found a large runed translucent door.
 22124 | Lair:6   | Found a large runed translucent door.
 22137 | Lair:6   | Reached skill level 5 in Shields
 23561 | D:10     | Bought a manual of Fighting for 1040 gold pieces
 23740 | D:13     | Found a portal to a secret trove of treasure.
 24218 | D:13     | Found a gate to the Vaults.
 25388 | D:13     | Reached skill level 19 in Armour
 26137 | D:14     | Reached XP level 15. HP: 145/145 MP: 14/14
 26169 | D:14     | Found an iron altar of Okawaru.
 26589 | D:15     | Entered Level 15 of the Dungeon
 27998 | Orc:1    | Entered Level 1 of the Orcish Mines
 28000 | Orc:1    | Noticed Maurice
 28033 | Orc:1    | HP: 1/220 [warg (12)]
 28034 | Orc:1    | Killed Maurice
 28034 | Orc:1    | Received a gift from Trog
 28034 | Orc:1    | Slain by a warg

Illustrated notes

Levels and vault maps discovered:
D:1:      ebering_trefoil_3fold, layout_loops_ring
D:2:      layout_loops_ring, basic_altar, hellmonk_ecumenical_altar_blasted
D:3:      layout_basic
D:4:      layout_cave_pools, mainiacjoe_overflow_six_doors_small, uniq_pargi,
          uniq_pikel, uniq_ijyb, uniq_eustachio
D:5:      layout_rooms, minmay_temple_entry_trees, chequers_jeans,
          minmay_manual_maat
D:6:      layout_gridville
D:7:      layout_cave_pools
D:8:      layout_gridville, erik_lair_island, ebering_ghost_inner_flame,
          minmay_gold_behind_fungi
D:9:      layout_basic
D:10:     layout_cave_pools, erik_orc_2, kb_lookout_dungeons_type,
          nicolae_shop_self_help, uniq_harold
D:11:     layout_loops_ring
D:12:     layout_loops_ring
D:13:     kennysheep_scales, layout_loops_cross, david_vaults_4, enter_trove_2
D:14:     layout_long_grid, serial_park_paths [serial_park_minivault_5x5_8],
          okawaru_altar_gauntlet_db
D:15:     gammafunk_enter_depths_forms, layout_basic
Lair:1:   layout_concentric_octagons, grunt_megastairs_3, lemuel_fruit_tree
Lair:2:   layout_roguey, nicolae_swamp_entry_splash_gauntlet, uniq_urug
Lair:3:   beast_lair_carwin_large_2, layout_regular_city,
          guppyfry_snake_entry_island, minivault_23, uniq_fannar
Lair:4:   layout_regular_city, nzn_random_ring, grunt_megastairs_1,
          uniq_josephine
Lair:5:   layout_gridlike, uniq_rupert
Lair:6:   cheibrodos_lair_end_hotspot, layout_gridlike,
          minmay_slime_entry_oklob_enclosed
Orc:1:    layout_caves, uniq_maurice

Skill      XL: |  1  2  3  4  5  6  7  8  9 10 11 12 13 14 15 |
---------------+----------------------------------------------+-----
Fighting       | 4 5 6 7 8 9 11 13 15 16 17 | 17.3
Polearms       | 4 5 6 7 9 11 12 13 14 15 17 | 17.5
Armour         | 3 4 5 6 8 10 12 14 16 18 19 | 19.0
Dodging        | 3 4 5 6 |  6.4
Stealth        | 1 2 |  2.8
Evocations     | 1 |  1.3
Shields        | 8 9 |  9.8

Action                   |  1- 3 |  4- 6 |  7- 9 | 10-12 | 13-15 || total
-------------------------+-------+-------+-------+-------+-------++-------
Melee: Spear             |    94 |    76 |   319 |   970 |       ||  1459
       Headbutt          |    10 |    14 |    75 |   252 |   186 ||   537
       Punch             |       |       |     5 |    18 |     7 ||    30
       Demon trident     |       |       |       |    11 |   782 ||   793
Invok: Berserk           |       |     1 |     3 |    12 |    17 ||    33
       Trog's Hand       |       |       |       |       |     3 ||     3
Evoke: Wand              |       |       |       |     4 |       ||     4
       Tin of tremorston |       |       |       |       |     2 ||     2
  Use: Scroll            |     3 |       |     9 |    12 |     9 ||    33
       Potion            |       |       |       |       |     1 ||     1
Armor: Scale mail        |    42 |    35 |    32 |       |       ||   109
       Plate armour      |       |       |   130 |   479 |   579 ||  1188
Dodge: Dodged            |    48 |    45 |   116 |   291 |   264 ||   764
Block: Tower shield      |       |       |       |       |   400 ||   400
